 Dungeon Crawl Stone Soup version 0.31-a0-133-gaae73658be (webtiles) character file.

Game seed: 1065229055827878832

122 Pimp the Gusty (level 5, -2/29 HPs)
             Began as a Tengu Air Elementalist on June 2, 2023.
             Killed by divine providence
             ... invoked by an orc priest
              (11 damage)
             ... on level 4 of the Dungeon.
             The game lasted 00:06:22 (3246 turns).

Pimp the Gusty (Tengu Air Elementalist)             Turns: 3246, Time: 00:06:23

Health: -2/29      AC:  8    Str:  8    XL:     5   Next: 6%
Magic:  1/10       EV: 14    Int: 18    God:
Gold:   85         SH:  0    Dex: 14    Spells: 3/9 levels left

rFire   . . .        u - +0 short sword
rCold   . . .        (no shield)
rNeg    . . .        b - +1 leather armour
rPois   .            (helmet restricted)
rElec   .            (no cloak)
rCorr   .            (no gloves)
SInv    .            (boots unavailable)
Will    .....        g - amulet of the acrobat
Stlth   ++           m - +4 ring of protection
HPRegen 0.24/turn    (no ring)
MPRegen 0.12/turn

%: acrobat
@: flying quickly and evasively, hasted, very quick
A: beak, talons 3, nimble flight
a: no special abilities


You were on level 4 of the Dungeon.
You visited 1 branch of the dungeon, and saw 4 of its levels.

You collected 85 gold pieces.

Inventory:

Hand Weapons
 h - a +0 dagger
 u - a +0 short sword (weapon)
Missiles
 i - 35 stones
 q - 5 atropa-tipped darts
Armour
 a - a +0 robe
 b - a +1 leather armour (worn)
Jewellery
 g - an amulet of the acrobat (around neck)
 m - a +4 ring of protection (left hand)
 r - an amulet of guardian spirit
Wands
 n - a wand of flame (24)
Scrolls
 d - a scroll of enchant armour
 e - a scroll of teleportation {unknown}
 k - 7 scrolls of identify {unknown}
 o - a scroll of immolation {unknown}
 p - 2 scrolls of amnesia {unknown}
Potions
 c - a potion of heal wounds
 l - a potion of lignification {unknown}
 s - a potion of curing {unknown}
 t - a potion of cancellation {unknown}
 v - a potion of might {unknown}


   Skills:
 + Level 1.3 Fighting
 + Level 1.2 Armour
 + Level 3.1 Dodging
 - Level 2.1 Stealth
 + Level 2.6 Spellcasting
 + Level 2.7 Conjurations
 + Level 4.7 Air Magic


You had 3 spell levels left.
You knew the following spells:

 Your Spells              Type           Power      Damage    Failure   Level
a - Shock                 Conj/Air       60%        1d6       4%          1
b - Static Discharge      Conj/Air       30%        2-4/arc   8%          2
c - Swiftness             Air            19%        N/A       10%         3

Your spell library contained the following spells:

 Spells                   Type           Power      Damage    Failure   Level
 Ozocubu's Armour         Ice            2%         N/A       58%         3
 Summon Guardian Golem    Hex/Summ       2%         N/A       58%         3
 Airstrike                Air            9%         2d(2-18)  32%         4
 Metabolic Englaciation   Hex/Ice        1%         N/A       100%        5
 Simulacrum               Ice/Necr       1%         N/A       100%        6
 Orb of Destruction       Conj           6%         9d6       100%        7
 Spellforged Servitor     Conj/Summ      3%         N/A       100%        7


Dungeon Overview and Level Annotations

Branches:
Dungeon (4/15)
 Temple: D:4-7

Altars:
Uskayaw

Shops:
D:3 :


Innate Abilities, Weirdness & Mutations

You have a beak for a mouth.
You have claws for feet.
Your magical nature lets you fly swiftly and evasively.


Message History

Your magical contamination has completely faded away.
You hit the orc priest but do no damage.
Your kick misses the orc priest.
The orc priest is severely wounded.
You hit the orc priest but do no damage.
The orc priest is severely wounded.
The orc priest invokes the aid of Beogh against you.
Beogh smites you!
* * * LOW HITPOINT WARNING * * *
You closely miss the orc priest.
The orc priest is severely wounded.
The orc priest hits you but does no damage.
The orc priest looks braver for a moment.
The orc priest begins to cast a cantrip, but forgets the words!
Found a ring mail.
Found a stone staircase leading down.
A scorpion comes into view.
You see here a +0 ring mail.
Found a runed hat.
As you read the scroll of summoning, it crumbles to dust.
Wisps of shadow whirl around you...
You swap places.
The scorpion stings your kobold.
Your kobold dies!
Your kobold's corpse dissolves into shadows!
You see here a +0 ring mail.
Casting: Static Discharge (safe; 8% risk of failure)
Confirm with . or Enter, or press ? or * to list all spells.
You don't have enough magic to cast this spell.
Casting: Static Discharge (safe; 8% risk of failure)
Confirm with . or Enter, or press ? or * to list all spells.
Aiming: Shock (safe; 4% risk of failure)
Press: ? - help, Shift-Dir - straight line, f/p - orc priest
Aim: an orc priest, wielding a +1 mace of protection (heavily wounded, 71% to hit)
The zap hits the orc priest.
The orc priest is severely wounded.
Your ball python barely misses the scorpion. x2
The scorpion stings your endoplasm.
The orc priest invokes the aid of Beogh against you.
Beogh smites you!
You die...

##.#
#o.#
#.##
#.# #.#
#.# #.#
#.#
###@##
#....#
#.SJ.#
#>s..#
#....#
.....#
##....#
#....#
#..[.#


You could see a scorpion (ally target), an orc priest, a friendly endoplasm
(summoned) and a friendly ball python (summoned).

Vanquished Creatures
  An orc wizard (D:4)
  2 adders
  2 worms
  3 dart slugs
  7 orcs
  6 endoplasms
  A giant cockroach (D:1)
  6 goblins
  3 hobgoblins
  4 jackals (D:1)
  6 quokkas
  3 ball pythons
  3 bats (D:1)
  A frilled lizard (D:3)
  3 kobolds
  7 rats
58 creatures vanquished.

Notes
Turn   | Place    | Note
-------+----------+-------------------------------------------
     0 | D:1      | Pimp the Tengu Air Elementalist began the quest for the
                  | Orb.
     0 | D:1      | Reached XP level 1. HP: 10/10 MP: 4/4
   172 | D:1      | Reached XP level 2. HP: 15/15 MP: 3/6
   523 | D:1      | Reached XP level 3. HP: 20/20 MP: 5/7
   542 | D:1      | Learned a level 2 spell: Static Discharge
   546 | D:1      | Learned a level 3 spell: Swiftness
   748 | D:1      | Found a faded altar of an unknown god.
   957 | D:2      | Found a hide-covered altar of Uskayaw.
  1237 | D:2      | Identified the +11 whip "Buneugg" {spect, Will++ Dex-5}
  2137 | D:3      | Reached skill level 1 in Fighting
  2137 | D:3      | Reached XP level 4. HP: 25/25 MP: 2/8
  2289 | D:3      | Found Tutt's Book Boutique.
  2513 | D:3      | Reached skill level 1 in Armour
  3217 | D:4      | Gained mutation: Your magical nature lets you fly swiftly
                  | and evasively. [Tengu growth]
  3217 | D:4      | Reached XP level 5. HP: 22/29 MP: 4/10
  3246 | D:4      | Killed from afar by an orc priest

Illustrated notes

Levels and vault maps discovered:
D:1:      amcnicky_arrival_flooded_fountain, layout_rooms,
          hellmonk_ecumenical_altar_heavens_door, amethyst_killhole
D:2:      layout_basic, basic_altar, serial_aquarium,
          aquarium_bridge_island_small [aquarium_subvault_small_open,
          aquarium_subvault_bridge, aquarium_subvault_bridge,
          aquarium_subvault_wall, aquarium_subvault_wall],
          aquarium_window_corridor_1, aquarium_window_fake,
          aquarium_window_fake, aquarium_view_2b
D:3:      layout_basic, serial_shops, shop
D:4:      layout_rooms, minmay_temple_entry_tees, minmay_tree_intersection,
          uniq_edmund

Skill      XL: |  1  2  3  4 |
---------------+-------------+-----
Conjurations   | 2 |  2.7
Fighting       | 1 |  1.3
Armour         | 1 |  1.2
Dodging        | 3 |  3.1
Stealth        | |  2.1
Spellcasting   | |  2.6
Air Magic      | |  4.7

Action                     |  1- 3 |  4- 6 || total
---------------------------+-------+-------++-------
  Melee: Unarmed           |     8 |       ||     8
         Peck              |     4 |     1 ||     5
         Kick              |     3 |       ||     3
         Dagger            |     9 |       ||     9
         Short sword       |       |     5 ||     5
   Cast: Shock             |    89 |    50 ||   139
         Static Discharge  |       |     2 ||     2
    Use: Potion            |     1 |     2 ||     3
         Scroll            |       |     3 ||     3
 Armour: Robe              |     1 |       ||     1
         Leather armour    |     6 |     4 ||    10
  Dodge: Dodged            |    21 |    10 ||    31

Table legend: (Time is in decaauts)
 A = Elapsed time spent in this place.
 B = Non-inter-level travel time spent in this place.
 C = Inter-level travel time spent in this place.
 D = Time resting spent in this place.
 E = Time spent auto-exploring this place.
 F = Levels seen in this place.
 G = Mean time per level.
                   A        B        C        D        E       F      G
               +--------+--------+--------+--------+--------+-----+--------+
         Total |   3235 |   3190 |     45 |     46 |   2765 |   4 |  808.8 |
       Dungeon |   3235 |   3190 |     45 |     46 |   2765 |   4 |  808.8 |
               +--------+--------+--------+--------+--------+-----+--------+

Top non-repeatable levels by time:
     D:3: 1143 daAuts
     D:2: 1110 daAuts
     D:1: 955 daAuts
     D:4: 25 daAuts
